 Dungeon Crawl Stone Soup version 0.23.2-1-ga50397a (webtiles) character file.

Game seed: 17693282377566210513

128 myga the Magician (level 5, -7/28 HPs)
             Began as a Tengu Wizard on May 9, 2019.
             Killed by divine providence
             ... invoked by an orc priest
              (16 damage)
             ... on level 3 of the Dungeon.
             The game lasted 00:12:52 (2661 turns).

myga the Magician (Tengu Wizard)                    Turns: 2661, Time: 00:12:53

Health: -7/28      AC:  3    Str:  7    XL:     5   Next: 12%
Magic:  5/12       EV: 13    Int: 19    God:
Gold:   104        SH:  0    Dex: 13    Spells: 2/12 levels left

rFire    . . .     SeeInvis .   m - +1 dagger (protect)
rCold    . . .     Gourm    .   (no shield)
rNeg     . . .     Faith    .   a - +0 robe
rPois    .         Spirit   .   b - +0 hat
rElec    .         Reflect  .   t - +0 cloak
rCorr    .         Harm     +   (no gloves)
MR       .....                  (boots unavailable)
Stlth    +++.......             g - amulet of harm
HPRegen  0.09/turn              r - ring of stealth
MPRegen  0.13/turn              (no ring)

@: very slightly contaminated
A: beak, talons 3, able to fly
a: Fly


You were on level 3 of the Dungeon.
You were hungry.

You visited 1 branch of the dungeon, and saw 3 of its levels.

You collected 104 gold pieces.

Inventory:

Hand Weapons
 k - a +1 dagger of draining
 m - a +1 dagger of protection (weapon)
 p - a +1 dagger of venom
Missiles
 e - 36 stones (quivered)
 n - 12 arrows
Armour
 a - a +0 robe (worn)
 b - a +0 hat (worn)
 t - a +0 cloak (worn)
Jewellery
 g - an amulet of harm (around neck)
 r - a ring of stealth (left hand)
Scrolls
 i - 2 scrolls of remove curse
 o - a scroll of fog {unknown}
 q - a scroll of teleportation
Potions
 h - a potion of agility
 j - a potion of heal wounds
 l - a potion of curing
 s - a potion of mutation {unknown}
Comestibles
 d - 8 rations


   Skills:
 + Level 0.8 Short Blades
 + Level 2.9 Dodging
 + Level 2.7 Stealth
 + Level 0.4 Unarmed Combat
 + Level 4.2 Spellcasting
 + Level 2.5 Conjurations
 + Level 1.4 Summonings
 + Level 0.7 Translocations


You had 2 spell levels left.
You knew the following spells:

 Your Spells              Type           Power        Failure   Level  Hunger
a - Magic Dart            Conj           ##..         4%          1    None
b - Call Imp              Summ           #.......     11%         2    #......
c - Blink                 Tloc           N/A          16%         2    #......
d - Slow                  Hex            #.......     21%         2    #......
e - Mephitic Cloud        Conj/Pois/Air  #.......     28%         3    ###....

Your spell library contained the following spells:

 Spells                   Type           Power        Failure   Level  Hunger
 Conjure Flame            Conj/Fire      #.......     24%         3    ###....


Dungeon Overview and Level Annotations

Branches:
Dungeon (3/15)

Altars:


Innate Abilities, Weirdness & Mutations

You have a beak for a mouth.
You have claws for feet.
You can fly continuously.


Message History

The orc misses you.
Found 17 gold pieces.
Casting: Slow (safe; 21% risk of failure)
Confirm with . or Enter, or press ? or * to list all spells.
Aiming: Mephitic Cloud (safe; 28% risk of failure)
Press: ? - help, Shift-Dir - straight line, p - orc priest
Okay, then.
Casting: Mephitic Cloud (safe; 28% risk of failure)
Confirm with . or Enter, or press ? or * to list all spells.
Aiming: Mephitic Cloud (safe; 28% risk of failure)
Press: ? - help, Shift-Dir - straight line, f - orc, p - orc priest
Aim: an orc, wielding a +0 war axe and wearing a +0 leather armour You miscast Mephitic Cloud.
You are very lightly contaminated with residual magic.
Your vision is briefly tinged with green.
The orc shouts!
The orc priest invokes the aid of Beogh against you.
Beogh smites you!
Ouch! That really hurt!
You die...

######## #......#
#### #.#####...#
###.o.....#
#....oo@..#
#.o.....###
#..<.##.....
#..........####
#####.#...##8.[$.
#.....#......
####..#.$....
#..#...... ..#...


You could see an orc priest and 3 orcs.

Vanquished Creatures
  A worker ant (D:2)
  A gnoll (D:2)
  2 adders (D:2)
  3 dart slugs
  6 giant cockroaches
  5 goblins
  6 hobgoblins (D:2)
  5 jackals
  7 kobolds
  2 bats
  3 frilled lizards
  7 rats
48 creatures vanquished.

Vanquished Creatures (collateral kills)
  3 gnolls (D:2)
  A worm (D:2)
  2 hobgoblins (D:1)
  A jackal (D:1)
  A kobold (D:2)
  2 rats (D:2)
10 creatures vanquished.

Grand Total: 58 creatures vanquished

Notes
Turn   | Place    | Note
-------+----------+-------------------------------------------
     0 | D:1      | myga the Tengu Wizard began the quest for the Orb.
     0 | D:1      | Reached XP level 1. HP: 10/10 MP: 5/5
    63 | D:1      | Reached XP level 2. HP: 11/15 MP: 0/7
    72 | D:1      | Learned a level 2 spell: Call Imp
   310 | D:1      | Learned a level 2 spell: Blink
   313 | D:1      | Learned a level 2 spell: Slow
   663 | D:1      | Reached XP level 3. HP: 17/19 MP: 0/9
  1418 | D:2      | Reached XP level 4. HP: 14/24 MP: 6/10
  1437 | D:2      | Reached skill level 4 in Spellcasting
  2319 | D:2      | Gained mutation: You can fly continuously. [Tengu growth]
  2319 | D:2      | Reached XP level 5. HP: 24/28 MP: 0/12
  2633 | D:2      | Learned a level 3 spell: Mephitic Cloud
  2661 | D:3      | Killed from afar by an orc priest

Skill      XL: |  1  2  3  4 |
---------------+-------------+-----
Conjurations   | 2 |  2.5
Spellcasting   | 4 |  4.2
Short Blades   | |  0.8
Dodging        | |  2.9
Stealth        | |  2.7
Unarmed Combat | |  0.4
Summonings     | |  1.4
Translocations | |  0.7

Action                   |  1- 3 |  4- 6 || total
-------------------------+-------+-------++-------
Melee: Unarmed           |    36 |       ||    36
       Kick              |    13 |     6 ||    19
       Peck              |     8 |     3 ||    11
       Short sword       |     4 |       ||     4
       Dagger            |    24 |    43 ||    67
Throw: Stone             |     1 |     7 ||     8
 Cast: Magic Dart        |    48 |    32 ||    80
       Call Imp          |     5 |     6 ||    11
       Slow              |       |     2 ||     2
  Use: Scroll            |     3 |     2 ||     5
       Potion            |     1 |       ||     1
 Stab: Sleeping          |     3 |     1 ||     4
  Eat: Chunk             |     2 |     3 ||     5
Armor: Robe              |    12 |     6 ||    18
Dodge: Dodged            |    61 |    38 ||    99
